 Dungeon Crawl Stone Soup version 0.30.1-9-gdf580d7c3d (webtiles) character file.

Game seed: 16413200310903051497

9404 Woods the Thaumaturge (level 11, -6/81 HPs)
             Began as a Djinni Fire Elementalist on Oct 22, 2023.
             Was a Priest of Makhleb.
             Mangled by a boulder beetle (23 damage)
             ... on level 11 of the Dungeon.
             The game lasted 00:29:20 (13164 turns).

Woods the Thaumaturge (Djinni Fire Elementalist)   Turns: 13164, Time: 00:29:21

Health: -6/81      AC:  7    Str:  9    XL:     11   Next: 73%
Gold:   299        EV: 15    Int: 27    God:    Makhleb [***...] SH:  5 Dex: 14

rFire   + + .        D - +6 dagger "Tucogh" {spect, MP+9 Str+2}
rCold   + . .        (no shield)
rNeg    . . .        y - +2 robe {rC+}
rPois   ∞            K - +2 hat {SInv}
rElec   .            (no cloak)
rCorr   .            l - +0 pair of gloves
SInv    +            (boots unavailable)
Will    +....        A - amulet of reflection
Stlth   ++++         o - ring of protection from cold
HPRegen 0.33/turn    x - +6 ring of intelligence
MPRegen 0.00/turn

%: reflection, infuse magic (-7 HP)
@: flying
A: sickness immunity, fire resistance 2, cold vulnerability 1, float, innate
caster, HP casting, extra vitality 1
a: Renounce Religion, Minor Destruction, Lesser Servant of Makhleb


You were on level 11 of the Dungeon.
You worshipped Makhleb.
Makhleb was most pleased with you.
You visited 2 branches of the dungeon, and saw 12 of its levels.

You collected 487 gold pieces.
You spent 188 gold pieces at shops.

Inventory:

Hand Weapons
 D - the +6 dagger "Tucogh" (weapon) {spect, MP+9 Str+2}
   (You found it on level 8 of the Dungeon)

   Str:       It affects your strength (+2).
   MP:        It affects your magic capacity (+9).
Missiles
 s - a throwing net
Armour
 l - a +0 pair of gloves (worn)
 y - a +2 robe of cold resistance (worn)
 K - a +2 hat of see invisible (worn)
Jewellery
 m - an amulet of the acrobat
 o - a ring of protection from cold (left hand)
 x - a +6 ring of intelligence (right hand)
 A - an amulet of reflection (around neck)
 E - the ring of the Lily {Fly rN+}
   (You found it on level 8 of the Dungeon)

   [ring of flight]

   rN:        It protects you from negative energy.
   Fly:       It grants you flight.
Wands
 q - a wand of paralysis (9)
 G - a wand of quicksilver (4)
Scrolls
 b - 2 scrolls of torment
 d - 3 scrolls of noise {unknown}
 i - 3 scrolls of amnesia {unknown}
 j - 8 scrolls of identify
 n - 2 scrolls of enchant armour
 r - 2 scrolls of teleportation
 t - 2 scrolls of fear {unknown}
 u - 2 scrolls of poison {unknown}
 v - a scroll of immolation {unknown}
 w - 4 scrolls of fog
 z - 2 scrolls of blinking {unknown}
 C - a scroll of magic mapping {unknown}
 F - a scroll of vulnerability {unknown}
Potions
 a - a potion of flight {unknown}
 c - 3 potions of invisibility {unknown}
 e - 9 potions of curing
 f - 3 potions of mutation {unknown}
 g - a potion of berserk rage {unknown}
 h - a potion of magic {unknown}
 k - 2 potions of brilliance {unknown}
 p - a potion of heal wounds
 B - 2 potions of haste {unknown}
 H - a potion of resistance {unknown}
 I - 2 potions of lignification {unknown}
 J - a potion of attraction {unknown}


   Skills:
 - Level 8.0 Fighting
 - Level 8.0 Dodging
 + Level 7.6 Stealth
 + Level 8.4 Spellcasting
 - Level 5.0 Invocations


You knew the following spells:

 Your Spells              Type           Power      Damage    Failure   Level
a - Foxfire               Conj/Fire      100%       2x1d9     1%          1
b - Scorch                Fire           100%       2d9       1%          2
c - Volatile Blastmotes   Fire/Tloc      100%       2d18      1%          3
d - Inner Flame           Hex/Fire       54%        N/A       1%          3
e - Flame Wave            Conj/Fire      54%        2d13      1%          4
f - Necrotise             Necr           100%       1d9       1%          1
g - Passwall              Tmut/Erth      45%        N/A       1%          2
h - Vhi's Electric Charg  Tloc/Air       100%       N/A       1%          3
i - Passage of Golubria   Tloc           54%        N/A       1%          4
j - Summon Ice Beast      Ice/Summ       54%        N/A       1%          4
Your spell library was empty.

Dungeon Overview and Level Annotations

Branches:
Dungeon (11/15)            Temple (1/1) D:5            Lair (0/5) D:10
    Orc: D:9-12

Altars:
Cheibriados
Dithmenos
Elyvilon
Gozag
Hepliaklqana
Makhleb
Nemelex Xobeh
Okawaru
Qazlal
Ru
Uskayaw
Wu Jian
Xom
Zin
The Shining One

Shops:
D:4 !   D:6 ?   D:7 ?   D:8 :


Innate Abilities, Weirdness & Mutations

You are immune to sickness and miasma.
You are immune to poison.
Your flesh is very heat resistant. (rF++)
You are vulnerable to cold. (rC-)
You float through the air rather than walking.
You learn spells naturally, not from books.
Your magical power is your life essence.
You have superior vitality. (+4 MHP)


Message History

Casting: Scorch (safe; 1% risk of failure)
Confirm with . or Enter, or press ? or * to list all spells.
Flames lash the troll.
The troll is burned terribly!
Makhleb accepts your kill.
You feel better.
The troll explodes!
Training target 8.0 for Fighting reached!
Your Fighting skill increases to level 8!
You now have 299 gold pieces (gained 11).
A boulder beetle comes into view.
The boulder beetle curls into a ball and begins rolling!
A boulder beetle is nearby!
A boulder beetle is nearby!
A boulder beetle is nearby!
A boulder beetle is nearby!
A boulder beetle is nearby!
A boulder beetle is nearby!
Casting: Scorch (safe; 1% risk of failure)
Confirm with . or Enter, or press ? or * to list all spells.
A cloud of volatile blastmotes flares up around you!
The cloud of blastmotes explodes!
The concussive blast engulfs the boulder beetle!
The boulder beetle is lightly wounded.
Casting: Volatile Blastmotes (safe; 1% risk of failure)
Confirm with . or Enter, or press ? or * to list all spells.
A cloud of volatile blastmotes flares up around you!
The cloud of blastmotes explodes!
The concussive blast engulfs the boulder beetle!!
The boulder beetle is heavily wounded.
The concussive blast engulfs you! You resist. The boulder beetle hits you!!!
Ouch! That really hurt!
* * * LOW HITPOINT WARNING * * *
The boulder beetle stops rolling and uncurls.
Unknown command.
Casting: Volatile Blastmotes (safe; 1% risk of failure)
Confirm with . or Enter, or press ? or * to list all spells.
A chill wind blows around you.
* * * LOW HITPOINT WARNING * * *
The boulder beetle bites you!!
You die...

##.>.#.# #.#
#.###..# #.# #.#
#..# #.# ######
#.###.## #.#
...... ##...##
#.# ###### ##.##
#.######### #.#
#.........###.°°
#.#
####YB°.........
#.#
#@########...
#.# #.# #.# #.#
#.##########.#
#............#
##############


You could see a boulder beetle (ally target) and a friendly ice beast
(summoned).

Vanquished Creatures
  Gastronok (D:8)
  A two-headed ogre (D:8)
  A cyclops (D:8)
  2 hornets (D:8)
  2 trolls
  4 yaks (D:10)
  A vampire (D:7)
  A wraith (D:9)
  2 wyverns
  A basilisk (D:10)
  A steam dragon (D:7)
  Duvessa (D:6)
  2 water moccasins (D:10)
  4 black bears
  2 orc warriors (D:7)
  3 ice beasts
  4 ogres
  2 wolves (D:10)
  2 phantoms
  2 centaurs
  6 kobold brigands
  Blork the orc (D:6)
  3 bullfrogs
  3 scorpions
  14 wights
  Dowan (D:6)
  13 killer bees
  3 howler monkeys (D:10)
  7 orc priests
  3 jellies
  A gnoll bouda (D:4)
  3 hounds
  A sleepcap (D:6)
  An iguana (D:6)
  5 orc wizards
  4 gnolls
  6 adders
  A white imp (D:8)
  An ufetubus (D:5)
  2 worms
  3 dart slugs
  31 orcs
  8 ball pythons
  5 endoplasms
  2 giant cockroaches (D:3)
  9 goblins
  9 hobgoblins
  3 jackals (D:2)
  34 kobolds
  2 quokkas
  5 bats
  5 frilled lizards
  7 rats
241 creatures vanquished.

Vanquished Creatures (collateral kills)
  A wolf (D:10)
  7 foxfires
8 creatures vanquished.

Vanquished Creatures (others)
  A kobold (D:7)
  560 foxfires
561 creatures vanquished.

Grand Total: 810 creatures vanquished

Notes
Turn   | Place    | Note
-------+----------+-------------------------------------------
     0 | D:1      | Woods the Djinni Fire Elementalist began the quest for the
                  | Orb.
     0 | D:1      | Woods set off with the following spells memorised: Foxfire,
                  | Scorch, Volatile Blastmotes, Inner Flame, Flame Wave.
     0 | D:1      | Reached XP level 1. HP: 15/15 MP: 0/0
   130 | D:1      | Reached XP level 2. HP: 19/21 MP: 0/0
   511 | D:1      | Reached XP level 3. HP: 19/25 MP: 0/0
   511 | D:1      | Learned a level 1 spell: Necrotise
  1065 | D:2      | Reached XP level 4. HP: 23/31 MP: 0/0
  1067 | D:2      | Reached skill level 1 in Fighting
  1704 | D:2      | You are sucked into a shaft and drop 1 floor!
  1981 | D:3      | Reached XP level 5. HP: 29/37 MP: 0/0
  1981 | D:3      | Learned a level 2 spell: Passwall
  3125 | D:4      | Found Feso's Distillery.
  3130 | D:4      | Bought a potion of curing for 30 gold pieces
  3130 | D:4      | Bought a potion of heal wounds for 50 gold pieces
  3307 | D:4      | Reached XP level 6. HP: 39/43 MP: 0/0
  3591 | D:4      | Noticed an ogre
  4052 | D:4      | Reached XP level 7. HP: 31/49 MP: 0/0
  4052 | D:4      | Learned a level 3 spell: Vhi's Electric Charge
  4559 | D:5      | Entered Level 5 of the Dungeon
  5044 | D:4      | HP: 2/50 [gnoll/+0 flail[a gnoll bouda] (3)]
  5760 | D:5      | Reached XP level 8. HP: 50/56 MP: 0/0
  5863 | D:5      | Reached skill level 5 in Stealth
  6005 | D:5      | Reached skill level 5 in Dodging
  6008 | D:5      | Found a staircase to the Ecumenical Temple.
  6019 | Temple   | Entered the Ecumenical Temple
  6140 | Temple   | Became a worshipper of Makhleb the Destroyer
  6871 | D:6      | Noticed Blork the orc
  6879 | D:6      | Killed Blork the orc
  6929 | D:6      | Noticed Duvessa
  6930 | D:6      | Noticed Dowan
  6957 | D:6      | Killed Duvessa
  6958 | D:6      | Reached skill level 5 in Fighting
  6958 | D:6      | Reached skill level 5 in Spellcasting
  6967 | D:6      | Killed Dowan
  6968 | D:6      | Reached XP level 9. HP: 55/65 MP: 0/0
  6968 | D:6      | Learned a level 4 spell: Passage of Golubria
  7281 | D:6      | Reached * piety under Makhleb
  7409 | D:6      | Found The Oracle's Delphic Readings.
  7412 | D:6      | Bought a scroll of identify for 24 gold pieces
  7412 | D:6      | Bought a scroll of teleportation for 36 gold pieces
  7412 | D:6      | Bought a scroll of fog for 48 gold pieces
  7961 | D:7      | Found Ydoa's Magic Scroll Boutique.
  7988 | D:7      | Reached skill level 1 in Invocations
  8223 | D:7      | Reached XP level 10. HP: 65/70 MP: 0/0
  9233 | D:8      | Identified the +6 dagger "Tucogh" {spect, MP+9 Str+2}
  9307 | D:8      | Reached ** piety under Makhleb
  9312 | D:8      | Found an ornate altar of the Wu Jian Council.
  9320 | D:8      | Noticed a two-headed ogre
  9335 | D:8      | Killed a two-headed ogre
  9342 | D:8      | Noticed a cyclops
  9353 | D:8      | Killed a cyclops
  9468 | D:8      | Noticed Gastronok
  9708 | D:8      | Found Lunuar's Tiny Tomes.
  9908 | D:8      | Identified the ring of the Lily {Fly rN+}
 10346 | D:9      | Found a shadowy altar of Dithmenos.
 10425 | D:9      | Reached XP level 11. HP: 64/78 MP: 0/0
 10425 | D:9      | Learned a level 4 spell: Summon Ice Beast
 11065 | D:9      | Noticed a two-headed ogre
 11454 | D:10     | Entered Level 10 of the Dungeon
 11599 | D:8      | Killed Gastronok
 11600 | D:8      | Reached skill level 5 in Invocations
 12019 | D:10     | Found a staircase to the Lair.
 12181 | D:10     | Reached *** piety under Makhleb
 12471 | D:10     | Found a glowing silver altar of Zin.
 12471 | D:10     | Noticed an angel
 12478 | D:10     | Found a shimmering altar of Xom.
 13157 | D:11     | Noticed a boulder beetle
 13164 | D:11     | Mangled by a boulder beetle

Illustrated notes

Levels and vault maps discovered:
D:1:      dpeg_arrival_pond, layout_loops_ring
D:2:      layout_loops_ring
D:3:      layout_loops_ring
D:4:      layout_loops_corners, serial_shops, shop, patterned_corridor
D:5:      layout_loops_ring, minmay_temple_entry_antechambers,
          minmay_misc_feat_pillars
D:6:      layout_gridville, nicolae_nh_oracle_at_delphi, uniq_blork_the_orc,
          uniq_duvessa
D:7:      layout_loops_corners, serial_shops, nicolae_shop_rolling_square
D:8:      layout_cave_pods, mainiacjoe_overflow_paths,
          nicolae_shop_i_like_small_books_too, minmay_statues_item,
          uniq_gastronok
D:9:      layout_irregular_city, old_standard_altar
D:10:     layout_basic, grunt_temple_overflow_order_and_chaos_1,
          minmay_lair_entry_grove
D:11:     layout_loops_ring, nicolae_shop_sticking_my_neck_out
Temple:   dpeg_five_rooms_temple

Skill      XL: |  1  2  3  4  5  6  7  8  9 10 11 |
---------------+----------------------------------+-----
Stealth        | 2 3 4 5 6 7 |  7.6
Dodging        | 3 4 5 7 8 |  8.0
Fighting       | 1 2 3 5 6 8 |  8.0
Spellcasting   | 3 5 7 8 |  8.4
Invocations    | 1 4 5 |  5.0

Action                     |  1- 3 |  4- 6 |  7- 9 | 10-12 || total
---------------------------+-------+-------+-------+-------++-------
  Melee: Unarmed           |     8 |     1 |       |     2 ||    11
   Cast: Foxfire           |    46 |    67 |   124 |   118 ||   355
         Scorch            |     5 |    44 |    78 |    82 ||   209
         Necrotise         |     4 |       |       |       ||     4
         Volatile Blastmot |     1 |     3 |    18 |    20 ||    42
         Passwall          |       |     1 |     2 |       ||     3
         Passage of Golubr |       |       |     5 |     4 ||     9
         Inner Flame       |       |       |     4 |    21 ||    25
         Summon Ice Beast  |       |       |       |     2 ||     2
    Use: Scroll            |       |       |     4 |       ||     4
         Potion            |       |       |     1 |       ||     1
 Armour: Robe              |     9 |     3 |     6 |     6 ||    24
  Dodge: Dodged            |     7 |    20 |    53 |    26 ||   106
  Block: Other             |       |       |       |     6 ||     6
         Reflection        |       |       |       |     1 ||     1
